 Dungeon Crawl Stone Soup version 0.23-b1-58-ge3fafae (webtiles) character file.

Game seed: 6423677413716901778

66541 tidbits the Martial Artist (level 15, -8/135 HPs)
             Began as a Gnoll Transmuter on Feb 4, 2019.
             Was an Elder of Cheibriados.
             Mangled by a merfolk impaler
             ... wielding a +1 trident of holy wrath
              (17 damage)
             ... on level 2 of the Shoals.
             The game lasted 01:15:37 (5429 turns).

tidbits the Martial Artist (Gnoll Transmuter)       Turns: 5429, Time: 01:15:37

Health: -8/135     AC:  9    Str: 26    XL:     15   Next: 20%
Magic:  25/29      EV: 19    Int: 31    God:    Cheibriados [****..]
Gold:   105        SH:  0    Dex: 25    Spells: 6/34 levels left

rFire    x . .     SeeInvis .     - Unarmed
rCold    + + +     Gourm    .   (shield currently unavailable)
rNeg     . . .     Faith    .   (armour currently unavailable)
rPois    +         Spirit   .   (helmet currently unavailable)
rElec    .         Reflect  .   (cloak currently unavailable)
rCorr    +         Harm     .   (gloves currently unavailable)
MR       ++...                  (boots currently unavailable)
Stlth    +++++.....             V - amulet of the acrobat
HPRegen  1.32/turn              K - ring of resist corrosion
MPRegen  0.21/turn              H - ring of protection from magic

@: ice-form, regenerating, very slow
A: large, distributed training, strong 1, strong nose
a: End Transformation, Bend Time, Temporal Distortion, Slouch, Renounce Religion


You were on level 2 of the Shoals.
You worshipped Cheibriados.
Cheibriados was greatly pleased with you.
You were not hungry.
You were a creature of crystalline ice.
You visited 4 branches of the dungeon, and saw 20 of its levels.
You also visited: Ossuary, Bailey and Ice Cave.

You collected 584 gold pieces.
You spent 479 gold pieces at shops.

Inventory:

Hand Weapons
 d - a +5 dagger of freezing (melded)
   (You took it off a wight on level 8 of the Dungeon)
 e - a +0 blowgun
 v - the +1 trident "Uvi Beus" {venom, rF+ Int-2 SInv}
   (You found it on level 5 of the Dungeon)

   It poisons the flesh of those it strikes.
   It affects your intelligence (-2).
   It protects you from fire.
   It lets you see invisible.
 P - a +0 broad axe of protection
   (You took it off an orc warrior in a bailey)
 R - the +1 dagger "Miunug" {holy, *Noise rN++ Str+7, unknown}
   (You found it in a bailey)

   It has been blessed by the Shining One to cause great damage to the undead
   and demons.
   It affects your strength (+7).
   It greatly protects you from negative energy.
   It may make noises in combat.
 X - a +1 shortbow of flaming
   (You took it off a centaur on level 10 of the Dungeon)
 Y - a +0 lajatang
Missiles
 a - 178 arrows
 n - 2 javelins
 C - a throwing net {!f}
 N - 37 tomahawks of returning (quivered)
Armour
 b - a +0 robe (melded)
 y - a +0 ring mail
 F - a +1 pair of boots (melded)
 L - a +1 leather armour of cold resistance
   (You found it in an ice cave)
 W - a +2 robe of magic resistance
   (You found it in an ice cave)
Magical Staves
 I - an uncursed staff of earth
   (You found it on level 8 of the Dungeon)
Jewellery
 H - a ring of protection from magic (right front paw)
   (You found it on level 10 of the Dungeon)
 K - a ring of resist corrosion (left front paw)
   (You found it on level 7 of the Dungeon)
 V - an amulet of the acrobat (around neck)
   (You found it on level 10 of the Dungeon)
Wands
 p - a wand of paralysis (29)
 J - a wand of polymorph (8)
Scrolls
 c - 2 scrolls of enchant armour
 h - a scroll of fear
 i - 2 scrolls of magic mapping
 j - 3 scrolls of blinking
 l - a scroll of enchant weapon
 m - 2 scrolls of fog
 s - 3 scrolls of immolation {!r}
 t - 7 scrolls of teleportation
 x - a scroll of noise {!r}
 E - 6 scrolls of remove curse
 M - a scroll of summoning
 S - a scroll of torment
 Z - 3 scrolls of holy word
Potions
 f - a potion of lignification
 g - 2 potions of cancellation
 k - 2 potions of agility
 r - 3 potions of berserk rage
 u - 4 potions of flight
 w - 3 potions of invisibility
 A - 8 potions of curing
 B - 2 potions of brilliance
 D - 3 potions of mutation {!q}
 O - a potion of resistance
Miscellaneous
 q - a box of beasts
Comestibles
 o - 5 rations


   Skills:
 + Level 9.2 Fighting
 + Level 8.8 Short Blades
 + Level 8.8 Long Blades
 + Level 8.8 Axes
 + Level 8.8 Maces & Flails
 + Level 8.8 Polearms
 + Level 8.8 Staves
 + Level 8.8 Slings
 + Level 8.8 Bows
 + Level 8.8 Crossbows
 + Level 8.8 Throwing
 + Level 8.8 Armour
 + Level 9.9 Dodging
 + Level 8.8 Stealth
 + Level 8.8 Shields
 + Level 10.9 Unarmed Combat
 + Level 10.1 Spellcasting
 + Level 7.3 Conjurations
 + Level 7.3 Hexes
 + Level 7.3 Charms
 + Level 7.3 Summonings
 + Level 7.3 Necromancy
 + Level 7.3 Translocations
 + Level 8.3 Transmutations
 + Level 7.3 Fire Magic
 + Level 7.3 Ice Magic
 + Level 7.3 Air Magic
 + Level 7.3 Earth Magic
 + Level 7.3 Poison Magic
 + Level 9.6 Invocations
 + Level 8.8 Evocations


You had 6 spell levels left.
You knew the following spells:

 Your Spells              Type           Power        Failure   Level  Hunger
e - Beastly Appendage     Tmut           ######       1%          1    None
f - Fireball              Conj/Fire      ######....   4%          5    ###....
h - Blade Hands           Tmut           ######....   3%          5    ###....
i - Ice Form              Ice/Tmut       ######..     1%          4    None
k - Sticks to Snakes      Tmut           ######..     1%          2    None
n - Animate Skeleton      Necr           N/A          1%          1    None
p - Spider Form           Tmut/Pois      ######....   1%          3    None
r - Regeneration          Chrm/Necr      ######....   1%          3    None
N - Animate Dead          Necr           N/A          1%          4    None

Your spell library contained the following spells:

 Spells                   Type           Power        Failure   Level  Hunger
 Flame Tongue             Conj/Fire      #####        1%          1    None
 Pain                     Necr           ####         1%          1    None
 Throw Flame              Conj/Fire      ######       1%          2    None
 Conjure Flame            Conj/Fire      ######..     1%          3    None
 Inner Flame              Hex/Fire       ######..     1%          3    None
 Vampiric Draining        Necr           ######....   1%          3    None
 Sticky Flame             Conj/Fire      ######..     1%          4    None


Dungeon Overview and Level Annotations

Branches:
Dungeon (14/15)            Temple (1/1) D:5            Lair (3/6) D:8
 Shoals (2/4) Lair:3        Snake (0/4) Lair:2          Orc (0/2) D:9
 Vaults: D:13-14

Altars:
Ashenzari
Cheibriados
Elyvilon
Fedhas
Gozag
Hepliaklqana
Makhleb
Nemelex Xobeh
Okawaru
Qazlal
Ru
Sif Muna
Trog
Uskayaw
Vehumet
Wu Jian
Xom
Yredelemnul
Zin
The Shining One

Shops:
D:11 *   D:13 !?

Portals:
Bazaar: Shoals:1

Annotations:
D:3 Ijyb, Robin
Shoals:1 Frances


Innate Abilities, Weirdness & Mutations

Your experience applies equally to all skills.
((You have very sharp teeth.))
Your uncanny sense of smell can sniff out nearby items.
((You are partially covered in molten scales. (AC +2)))
Your muscles are strong. (Str +2)


Message History

The merfolk impaler hits you but does no damage.
Your merfolk skeleton hits the plant with a +0 trident!!
Unknown command.
As you read the scroll of fear, it crumbles to dust.
You assume a fearsome visage.
The merfolk impaler looks frightened!
The merfolk looks frightened! x4
Your merfolk skeleton is unaffected.
The merfolk looks frightened!
Your adder bites the plant but does no damage.
Your adder bites the merfolk.
Your adder bites the plant but does no damage.
Unknown command.
Unknown command.
You swap places.
Your adder bites the plant but does no damage.
Your adder barely misses the merfolk.
Unknown command.
Casting: Fireball (safe; 4% risk of failure)
Confirm with . or Enter, or press ? or * to list all spells.
Your skin crawls.
Your adder bites the merfolk but does no damage. x2
Your adder's attack snaps the merfolk out of its fear.
Unknown command.
Unknown command.
Unknown command.
A wind drake comes into view.
Unknown command.
Your adder bites the plant but does no damage.
The wind drake flaps its wings at you. The air twists around and strikes you!
* * * LOW HITPOINT WARNING * * *
Your adder bites the plant but does no damage. x2
Unknown command.
Unknown command.
Evoke which item? (* to show all) (? for menu, Esc to quit)
Aiming: Paralyse
Press: ? - help, Shift-Dir - straight line, f - wind drake
Aim: a wind drake (deflecting missiles, chance to defeat MR: 52%)
The wind drake suddenly stops moving!
Your adder withers and dies!
Your adder bites the plant.
Your adder bites the plant but does no damage.
Your adder bites the plant but does no damage.
Something hits the plant!!
Your adder closely misses the merfolk.
Something hits the plant!
Casting: Regeneration (safe; 1% risk of failure)
Confirm with . or Enter, or press ? or * to list all spells.
Your skin crawls.
Unknown command.
The merfolk completely misses you. The merfolk misses you.
Unknown command.
You swap places.
The merfolk completely misses you.
Unknown command.
You pummel the merfolk!! You freeze the merfolk.
The merfolk is heavily wounded.
The merfolk closely misses you.
You pummel the merfolk!! You freeze the merfolk.
You kill the merfolk!
Cheibriados thoroughly appreciates the change of pace.
The merfolk hits you with a +0 spear!
* * * LOW HITPOINT WARNING * * *
Your merfolk skeleton closely misses the merfolk.
Things that are here:
a +0 spear; a merfolk corpse Unknown command.
Unknown command.
You barely miss the merfolk.
The merfolk is lightly wounded.
The merfolk hits you with a +0 spear.
* * * LOW HITPOINT WARNING * * *
Your adder closely misses the merfolk.
Unknown command.
You pummel the merfolk!! You freeze the merfolk!
The merfolk is heavily wounded.
The merfolk impaler misses you. The merfolk hits you with a +0 spear!
* * * LOW HITPOINT WARNING * * *
Your adder closely misses the merfolk.
Your merfolk skeleton hits the merfolk from afar with a +0 trident!
Unknown command.
You catch the helpless merfolk completely off-guard!
You hit the merfolk. You freeze the merfolk.
The merfolk is severely wounded.
Your adder withers and dies!
The merfolk impaler hits you from afar with a +1 trident of holy wrath!
* * * LOW HITPOINT WARNING * * *
The merfolk hits you with a +0 spear.
* * * LOW HITPOINT WARNING * * *
The merfolk impaler barely misses you.
You barely miss the merfolk.
The merfolk is severely wounded.
Your merfolk skeleton barely misses the merfolk.
The merfolk impaler hits you from afar with a +1 trident of holy wrath!!
* * * LOW HITPOINT WARNING * * *
The merfolk hits you with a +0 spear.
* * * LOW HITPOINT WARNING * * *
Unknown command.
You feel better.
The merfolk impaler hits you from afar with a +1 trident of holy wrath!
You die...

.......P≈≈≈≈PP.P.###..≈≈≈≈≈≈..)≈
....%...PPPP≈PP.P##...≈≈≈≈≈≈≈≈≈≈
..≈..#..≈≈..........≈≈≈≈≈≈≈≈≈)≈
#.≈...P.≈.≈.........≈≈≈≈≈≈≈≈≈≈.
#.≈≈.mP.≈≈.........≈≈≈≈≈≈≈≈≈≈≈.
#m...≈.P...........≈≈≈≈≈≈≈≈≈≈≈≈.
..≈...P...S...m..≈≈≈≈≈≈≈≈≈≈≈≈≈≈≈
....#...≈...###m.≈≈≈≈≈≈≈≈≈≈≈≈≈≈≈
≈P..##PP...## #Y.≈≈≈≈≈≈≈≈≈≈≈≈≈≈≈
≈≈. ...k≈P.####.Z≈≈≈≈≈≈≈≈≈≈≈≈≈≈≈
....P≈.......≈≈≈≈≈≈≈≈≈≈≈≈≈≈≈≈
≈≈≈≈≈≈≈.........≈≈≈≈≈≈ ≈≈≈≈≈
≈≈≈≈≈≈≈........≈≈≈≈≈≈ ≈≈≈≈
≈≈≈≈≈≈≈≈≈..≈≈≈≈≈≈≈≈ ≈≈≈
≈≈≈≈≈≈≈≈≈≈≈≈≈≈≈≈ ≈≈
≈≈≈≈≈≈≈≈≈≈≈≈≈≈≈≈ ≈
≈≈≈≈≈≈≈≈≈≈≈≈≈≈≈≈


You could see a merfolk impaler, a merfolk and a friendly merfolk skeleton.

Vanquished Creatures
  An orc warlord (Bailey)
  A merfolk impaler (Shoals:2)
  A hydra (Lair:3)
  2 merfolk aquamancers (Shoals:2)
  A sea snake (Shoals:2)
  A necromancer (IceCv)
  A wolf spider zombie (D:13)
  An ugly thing (D:11)
  A cyclops (D:12)
  2 fauns (Shoals:1)
  2 manticores
  A deep elf mage (D:8)
  A merfolk siren (Shoals:1)
  3 ice statues (IceCv)
  2 black mambas
  A water nymph (Shoals:1)
  2 ice devils (IceCv)
  3 komodo dragons
  A spiny frog (Lair:1)
  An efreet (D:8)
  A troll (D:13)
  8 merfolk (Shoals:2)
  2 hornets
  A wind drake (Shoals:2)
  A snapping turtle (Shoals:2)
  A vampire (D:12)
  4 water elementals (Shoals:2)
  16 yaks
  5 hungry ghosts
  7 water moccasins
  5 porcupines
  3 sky beasts
  2 ice beasts
  6 orc warriors
  A black bear (D:6)
  3 phantoms
  A necrophage (D:6)
  4 ogres
  10 centaurs
  3 crocodiles
  6 bullfrogs
  A water moccasin zombie (D:6)
  2 wyvern skeletons
  3 killer bees (D:12)
  10 scorpions
  5 wights (D:8)
  2 crimson imps
  A bullfrog zombie (D:10)
  5 centaur zombies (Ossuary)
  6 hounds
  3 jellies
  2 orc priests
  A human zombie (Ossuary)
  6 orc wizards
  An iguana (D:12)
  5 worker ants
  2 hound skeletons
  3 mummies (Ossuary)
  10 adders
  13 gnolls
  3 scorpion zombies (Ossuary)
  4 shadow imps
  12 white imps (Lair:3)
  An ooze (D:4)
  An adder zombie (D:8)
  2 adder skeletons
  A worm (D:2)
  2 dart slugs
  3 leopard geckos
  42 orcs
  8 giant cockroaches
  2 gnoll zombies (Ossuary)
  11 goblins
  11 hobgoblins
  7 jackals
  22 kobolds
  5 quokkas
  2 ball pythons
  7 bats
  5 frilled lizards
  A giant cockroach zombie (D:6)
  2 goblin zombies (Ossuary)
  3 hobgoblin zombies (Ossuary)
  A kobold zombie (Ossuary)
  A leopard gecko skeleton (D:5)
  2 rats
361 creatures vanquished.

Vanquished Creatures (collateral kills)
  A hydra (Lair:1)
  3 fauns (Shoals:2)
  A manticore (Shoals:1)
  A merfolk (Shoals:2)
  A yak (D:12)
  An orc warrior (D:6)
  A centaur (Lair:3)
  2 orc wizards
  A big kobold zombie (Ossuary)
  A gnoll (D:3)
  A scorpion zombie (Ossuary)
  An orc (D:6)
  A goblin zombie (Ossuary)
  2 kobolds
18 creatures vanquished.

Grand Total: 379 creatures vanquished

Notes
Turn   | Place    | Note
-------+----------+-------------------------------------------
     0 | D:1      | tidbits the Gnoll Transmuter began the quest for the Orb.
     0 | D:1      | Reached XP level 1. HP: 17/17 MP: 6/6
    77 | D:1      | Reached XP level 2. HP: 22/23 MP: 5/7
   217 | D:2      | Reached XP level 3. HP: 18/28 MP: 7/9
   221 | D:2      | Learned a level 2 spell: Sticks to Snakes
   225 | D:2      | Learned a level 3 spell: Spider Form
   235 | D:2      | Reached skill level 5 in Spellcasting
   285 | D:2      | Reached skill level 1 in Invocations
   423 | D:3      | Reached skill level 1 in Short Blades
   423 | D:3      | Reached skill level 1 in Long Blades
   423 | D:3      | Reached skill level 1 in Axes
   423 | D:3      | Reached skill level 1 in Maces & Flails
   423 | D:3      | Reached skill level 1 in Polearms
   423 | D:3      | Reached skill level 1 in Staves
   423 | D:3      | Reached skill level 1 in Slings
   423 | D:3      | Reached skill level 1 in Bows
   423 | D:3      | Reached skill level 1 in Crossbows
   423 | D:3      | Reached skill level 1 in Throwing
   423 | D:3      | Reached skill level 1 in Armour
   423 | D:3      | Reached skill level 1 in Stealth
   423 | D:3      | Reached skill level 1 in Shields
   423 | D:3      | Reached skill level 1 in Evocations
   431 | D:3      | Reached XP level 4. HP: 33/34 MP: 3/11
   435 | D:3      | Noticed Robin
   597 | D:2      | You fall through a shaft!
   614 | D:3      | Found an iron altar of Okawaru.
   639 | D:3      | Reached skill level 1 in Conjurations
   639 | D:3      | Reached skill level 1 in Hexes
   639 | D:3      | Reached skill level 1 in Charms
   639 | D:3      | Reached skill level 1 in Summonings
   639 | D:3      | Reached skill level 1 in Necromancy
   639 | D:3      | Reached skill level 1 in Translocations
   639 | D:3      | Reached skill level 1 in Fire Magic
   639 | D:3      | Reached skill level 1 in Ice Magic
   639 | D:3      | Reached skill level 1 in Air Magic
   639 | D:3      | Reached skill level 1 in Earth Magic
   639 | D:3      | Reached skill level 1 in Poison Magic
   649 | D:3      | HP: 6/34 [bat (1)]
   652 | D:3      | HP: 1/34 [gnoll/cursed -2 spear (8)]
   664 | D:2      | HP: 1/34 [bat (1)]
   724 | D:3      | Reached XP level 5. HP: 8/40 MP: 1/12
   738 | D:3      | Noticed Ijyb
   757 | D:3      | Reached skill level 3 in Fighting
   765 | D:3      | Reached skill level 4 in Transmutations
   899 | D:4      | Noticed an ogre
   903 | D:4      | Reached XP level 6. HP: 12/47 MP: 6/13
   910 | D:4      | Reached skill level 2 in Invocations
   918 | D:4      | Found a sand-covered staircase.
   949 | D:4      | HP: 9/47 [scorpion (10)]
   952 | D:4      | Reached skill level 2 in Short Blades
   952 | D:4      | Reached skill level 2 in Long Blades
   952 | D:4      | Reached skill level 2 in Axes
   952 | D:4      | Reached skill level 2 in Maces & Flails
   952 | D:4      | Reached skill level 2 in Polearms
   952 | D:4      | Reached skill level 2 in Staves
   952 | D:4      | Reached skill level 2 in Slings
   952 | D:4      | Reached skill level 2 in Bows
   952 | D:4      | Reached skill level 2 in Crossbows
   952 | D:4      | Reached skill level 2 in Throwing
   952 | D:4      | Reached skill level 2 in Armour
   952 | D:4      | Reached skill level 5 in Dodging
   952 | D:4      | Reached skill level 2 in Stealth
   952 | D:4      | Reached skill level 2 in Shields
   952 | D:4      | Reached skill level 2 in Evocations
   954 | D:4      | HP: 10/70 [poisoned by a scorpion]
   958 | D:4      | HP: 4/47 [poisoned by a scorpion]
   964 | D:4      | HP: 3/70 [poisoned by a scorpion]
   970 | D:4      | HP: 2/70 [poisoned by a scorpion]
  1005 | Ossuary  | Entered an ossuary
  1029 | Ossuary  | HP: 3/47 [scorpion zombie (7)]
  1046 | Ossuary  | Learned a level 4 spell: Ice Form
  1053 | Ossuary  | Reached XP level 7. HP: 7/52 MP: 9/15
  1081 | Ossuary  | HP: 11/62 [scorpion zombie (3)]
  1082 | Ossuary  | HP: 4/62 [scorpion (7)]
  1083 | Ossuary  | HP: 1/62 [scorpion zombie (1)]
  1095 | Ossuary  | Reached skill level 7 in Unarmed Combat
  1132 | Ossuary  | Reached skill level 2 in Conjurations
  1132 | Ossuary  | Reached skill level 2 in Hexes
  1132 | Ossuary  | Reached skill level 2 in Charms
  1132 | Ossuary  | Reached skill level 2 in Summonings
  1132 | Ossuary  | Reached skill level 2 in Necromancy
  1132 | Ossuary  | Reached skill level 2 in Translocations
  1132 | Ossuary  | Reached skill level 2 in Fire Magic
  1132 | Ossuary  | Reached skill level 2 in Ice Magic
  1132 | Ossuary  | Reached skill level 2 in Air Magic
  1132 | Ossuary  | Reached skill level 2 in Earth Magic
  1132 | Ossuary  | Reached skill level 2 in Poison Magic
  1201 | Ossuary  | Reached skill level 3 in Invocations
  1222 | Ossuary  | Reached XP level 8. HP: 17/60 MP: 4/16
  1278 | Ossuary  | Reached skill level 4 in Fighting
  1282 | Ossuary  | Reached skill level 3 in Short Blades
  1282 | Ossuary  | Reached skill level 3 in Long Blades
  1282 | Ossuary  | Reached skill level 3 in Axes
  1282 | Ossuary  | Reached skill level 3 in Maces & Flails
  1282 | Ossuary  | Reached skill level 3 in Polearms
  1282 | Ossuary  | Reached skill level 3 in Staves
  1282 | Ossuary  | Reached skill level 3 in Slings
  1282 | Ossuary  | Reached skill level 3 in Bows
  1282 | Ossuary  | Reached skill level 3 in Crossbows
  1282 | Ossuary  | Reached skill level 3 in Throwing
  1282 | Ossuary  | Reached skill level 3 in Armour
  1282 | Ossuary  | Reached skill level 3 in Stealth
  1282 | Ossuary  | Reached skill level 3 in Shields
  1282 | Ossuary  | Reached skill level 3 in Evocations
  1478 | D:5      | Entered Level 5 of the Dungeon
  1567 | D:5      | Reached skill level 6 in Spellcasting
  1623 | D:5      | Got a shimmering trident
  1646 | D:5      | Found a staircase to the Ecumenical Temple.
  1663 | Temple   | Entered the Ecumenical Temple
  1692 | Temple   | Became a worshipper of Cheibriados the Contemplative
  1844 | D:5      | Identified the +1 trident "Uvi Beus" {venom, rF+ Int-2
                  | SInv} (You found it on level 5 of the Dungeon)
  1925 | D:6      | Reached skill level 4 in Invocations
  1932 | D:6      | Reached skill level 3 in Conjurations
  1932 | D:6      | Reached skill level 3 in Hexes
  1932 | D:6      | Reached skill level 3 in Charms
  1932 | D:6      | Reached skill level 3 in Summonings
  1932 | D:6      | Reached skill level 3 in Necromancy
  1932 | D:6      | Reached skill level 3 in Translocations
  1932 | D:6      | Reached skill level 3 in Fire Magic
  1932 | D:6      | Reached skill level 3 in Ice Magic
  1932 | D:6      | Reached skill level 3 in Air Magic
  1932 | D:6      | Reached skill level 3 in Earth Magic
  1932 | D:6      | Reached skill level 3 in Poison Magic
  1939 | D:5      | Reached * piety under Cheibriados
  1944 | D:5      | Reached skill level 6 in Dodging
  1944 | D:5      | Reached XP level 9. HP: 41/65 MP: 13/18
  1971 | D:5      | Reached skill level 5 in Transmutations
  2016 | D:7      | Noticed a hornet
  2073 | D:6      | Reached skill level 4 in Short Blades
  2073 | D:6      | Reached skill level 4 in Long Blades
  2073 | D:6      | Reached skill level 4 in Axes
  2073 | D:6      | Reached skill level 4 in Maces & Flails
  2073 | D:6      | Reached skill level 4 in Polearms
  2073 | D:6      | Reached skill level 4 in Staves
  2073 | D:6      | Reached skill level 4 in Slings
  2073 | D:6      | Reached skill level 4 in Bows
  2073 | D:6      | Reached skill level 4 in Crossbows
  2073 | D:6      | Reached skill level 4 in Throwing
  2073 | D:6      | Reached skill level 4 in Armour
  2073 | D:6      | Reached skill level 4 in Stealth
  2073 | D:6      | Reached skill level 4 in Shields
  2073 | D:6      | Reached skill level 4 in Evocations
  2200 | D:7      | Killed a hornet
  2200 | D:7      | Reached skill level 5 in Fighting
  2360 | D:8      | Reached ** piety under Cheibriados
  2400 | D:8      | Reached skill level 8 in Unarmed Combat
  2434 | D:7      | Learned a level 3 spell: Regeneration
  2467 | D:7      | Reached skill level 5 in Invocations
  2527 | D:8      | Learned a level 1 spell: Animate Skeleton
  2549 | D:8      | Reached XP level 10. HP: 29/73 MP: 15/20
  2569 | D:8      | Reached skill level 7 in Spellcasting
  2594 | D:8      | Found a flagged portal.
  2603 | Bailey   | Entered a bailey
  2609 | Bailey   | Noticed an orc warlord
  2672 | Bailey   | Learned a level 5 spell: Blade Hands
  2677 | Bailey   | Learned a level 4 spell: Animate Dead
  2715 | Bailey   | Reached *** piety under Cheibriados
  2723 | Bailey   | Reached skill level 4 in Conjurations
  2723 | Bailey   | Reached skill level 4 in Hexes
  2723 | Bailey   | Reached skill level 4 in Charms
  2723 | Bailey   | Reached skill level 4 in Summonings
  2723 | Bailey   | Reached skill level 4 in Necromancy
  2723 | Bailey   | Reached skill level 4 in Translocations
  2723 | Bailey   | Reached skill level 4 in Fire Magic
  2723 | Bailey   | Reached skill level 4 in Ice Magic
  2723 | Bailey   | Reached skill level 4 in Air Magic
  2723 | Bailey   | Reached skill level 4 in Earth Magic
  2723 | Bailey   | Reached skill level 4 in Poison Magic
  2745 | Bailey   | Gained mutation: You are partially covered in molten
                  | scales. (AC +2) [potion of mutation]
  2745 | Bailey   | Gained mutation: Your muscles are strong. (Str +2) [potion
                  | of mutation]
  2749 | Bailey   | Found a runed translucent gate.
  2751 | Bailey   | Found a runed translucent gate.
  2752 | Bailey   | Found a runed translucent gate.
  2832 | Bailey   | Killed an orc warlord
  2832 | Bailey   | Reached skill level 5 in Short Blades
  2832 | Bailey   | Reached skill level 5 in Long Blades
  2832 | Bailey   | Reached skill level 5 in Axes
  2832 | Bailey   | Reached skill level 5 in Maces & Flails
  2832 | Bailey   | Reached skill level 5 in Polearms
  2832 | Bailey   | Reached skill level 5 in Staves
  2832 | Bailey   | Reached skill level 5 in Slings
  2832 | Bailey   | Reached skill level 5 in Bows
  2832 | Bailey   | Reached skill level 5 in Crossbows
  2832 | Bailey   | Reached skill level 5 in Throwing
  2832 | Bailey   | Reached skill level 5 in Armour
  2832 | Bailey   | Reached skill level 7 in Dodging
  2832 | Bailey   | Reached skill level 5 in Stealth
  2832 | Bailey   | Reached skill level 5 in Shields
  2832 | Bailey   | Reached skill level 5 in Evocations
  2858 | Bailey   | Got a crystal dagger
  3073 | D:9      | Reached skill level 6 in Fighting
  3110 | D:10     | Entered Level 10 of the Dungeon
  3174 | D:10     | Reached **** piety under Cheibriados
  3207 | D:10     | Reached skill level 6 in Transmutations
  3207 | D:10     | Reached skill level 6 in Invocations
  3241 | D:12     | Noticed a cyclops
  3337 | D:9      | Found a bloodstained altar of Trog.
  3420 | D:11     | Noticed a purple ugly thing
  3428 | D:11     | Killed a purple ugly thing
  3428 | D:11     | Reached XP level 11. HP: 81/81 MP: 11/22
  3618 | D:12     | Reached ***** piety under Cheibriados
  3628 | D:12     | Reached skill level 9 in Unarmed Combat
  3629 | D:12     | Reached skill level 6 in Short Blades
  3629 | D:12     | Reached skill level 6 in Long Blades
  3629 | D:12     | Reached skill level 6 in Axes
  3629 | D:12     | Reached skill level 6 in Maces & Flails
  3629 | D:12     | Reached skill level 6 in Polearms
  3629 | D:12     | Reached skill level 6 in Staves
  3629 | D:12     | Reached skill level 6 in Slings
  3629 | D:12     | Reached skill level 6 in Bows
  3629 | D:12     | Reached skill level 6 in Crossbows
  3629 | D:12     | Reached skill level 6 in Throwing
  3629 | D:12     | Reached skill level 6 in Armour
  3629 | D:12     | Reached skill level 6 in Stealth
  3629 | D:12     | Reached skill level 6 in Shields
  3629 | D:12     | Reached skill level 6 in Evocations
  3665 | D:12     | Reached skill level 5 in Conjurations
  3665 | D:12     | Reached skill level 5 in Hexes
  3665 | D:12     | Reached skill level 5 in Charms
  3665 | D:12     | Reached skill level 5 in Summonings
  3665 | D:12     | Reached skill level 5 in Necromancy
  3665 | D:12     | Reached skill level 5 in Translocations
  3665 | D:12     | Reached skill level 5 in Fire Magic
  3665 | D:12     | Reached skill level 5 in Ice Magic
  3665 | D:12     | Reached skill level 5 in Air Magic
  3665 | D:12     | Reached skill level 5 in Earth Magic
  3665 | D:12     | Reached skill level 5 in Poison Magic
  3672 | D:12     | Reached skill level 8 in Spellcasting
  3730 | D:12     | Killed a cyclops
  3755 | D:14     | Noticed a centaur warrior
  3760 | D:14     | Noticed a death knight
  3789 | D:13     | Found Uskavaeh's Distillery.
  3797 | D:13     | Bought a potion of cancellation for 152 gold pieces
  3797 | D:13     | Bought a potion of mutation for 152 gold pieces
  3797 | D:13     | Bought a potion of curing for 57 gold pieces
  3797 | D:13     | Bought a potion of brilliance for 76 gold pieces
  3807 | D:13     | Found Gonkuqu's Magic Scroll Shoppe.
  4063 | D:11     | Found Odaxtiph's General Store.
  4074 | D:11     | Reached skill level 7 in Invocations
  4080 | D:11     | Reached skill level 7 in Fighting
  4080 | D:11     | Reached skill level 8 in Dodging
  4102 | D:11     | Bought a potion of curing for 42 gold pieces
  4239 | D:8      | Found a staircase to the Lair.
  4274 | D:9      | Found a staircase to the Orcish Mines.
  4304 | D:8      | Noticed a deep elf mage
  4309 | D:8      | Killed a deep elf mage
  4357 | Lair:1   | Entered Level 1 of the Lair of Beasts
  4387 | Lair:1   | Noticed a six-headed hydra
  4395 | Lair:1   | Killed a six-headed hydra
  4395 | Lair:1   | Reached XP level 12. HP: 74/90 MP: 15/24
  4563 | Lair:2   | Found a staircase to the Snake Pit.
  4614 | Lair:2   | Reached skill level 7 in Transmutations
  4692 | Lair:2   | Reached skill level 7 in Short Blades
  4692 | Lair:2   | Reached skill level 7 in Long Blades
  4692 | Lair:2   | Reached skill level 7 in Axes
  4692 | Lair:2   | Reached skill level 7 in Maces & Flails
  4692 | Lair:2   | Reached skill level 7 in Polearms
  4692 | Lair:2   | Reached skill level 7 in Staves
  4692 | Lair:2   | Reached skill level 7 in Slings
  4692 | Lair:2   | Reached skill level 7 in Bows
  4692 | Lair:2   | Reached skill level 7 in Crossbows
  4692 | Lair:2   | Reached skill level 7 in Throwing
  4692 | Lair:2   | Reached skill level 7 in Armour
  4692 | Lair:2   | Reached skill level 7 in Stealth
  4692 | Lair:2   | Reached skill level 7 in Shields
  4692 | Lair:2   | Reached skill level 7 in Evocations
  4760 | Lair:3   | Found a frozen archway.
  4776 | IceCv    | Entered an ice cave
  4877 | IceCv    | Reached skill level 6 in Conjurations
  4877 | IceCv    | Reached skill level 6 in Hexes
  4877 | IceCv    | Reached skill level 6 in Charms
  4877 | IceCv    | Reached skill level 6 in Summonings
  4877 | IceCv    | Reached skill level 6 in Necromancy
  4877 | IceCv    | Reached skill level 6 in Translocations
  4877 | IceCv    | Reached skill level 6 in Fire Magic
  4877 | IceCv    | Reached skill level 6 in Ice Magic
  4877 | IceCv    | Reached skill level 6 in Air Magic
  4877 | IceCv    | Reached skill level 6 in Earth Magic
  4877 | IceCv    | Reached skill level 6 in Poison Magic
  4978 | Lair:3   | Noticed a five-headed hydra
  4985 | Lair:3   | Killed a five-headed hydra
  4985 | Lair:3   | Reached skill level 9 in Spellcasting
  4985 | Lair:3   | Reached skill level 8 in Invocations
  4989 | Lair:3   | Found a staircase to the Shoals.
  5002 | Shoals:1 | Entered Level 1 of the Shoals
  5026 | Shoals:1 | Found a flickering gateway to a bazaar.
  5032 | Shoals:1 | Noticed Frances
  5052 | Shoals:1 | Reached skill level 8 in Fighting
  5052 | Shoals:1 | Reached skill level 10 in Unarmed Combat
  5109 | Shoals:2 | Noticed a merfolk aquamancer
  5138 | Shoals:2 | Reached skill level 9 in Dodging
  5146 | Shoals:2 | HP: 19/109 [water elemental (17)]
  5151 | Shoals:2 | Killed a merfolk aquamancer
  5173 | Shoals:2 | Noticed a merfolk impaler
  5178 | Shoals:2 | Reached XP level 13. HP: 40/98 MP: 6/26
  5180 | Shoals:2 | Killed a merfolk impaler
  5185 | Shoals:2 | Reached skill level 8 in Short Blades
  5185 | Shoals:2 | Reached skill level 8 in Long Blades
  5185 | Shoals:2 | Reached skill level 8 in Axes
  5185 | Shoals:2 | Reached skill level 8 in Maces & Flails
  5185 | Shoals:2 | Reached skill level 8 in Polearms
  5185 | Shoals:2 | Reached skill level 8 in Staves
  5185 | Shoals:2 | Reached skill level 8 in Slings
  5185 | Shoals:2 | Reached skill level 8 in Bows
  5185 | Shoals:2 | Reached skill level 8 in Crossbows
  5185 | Shoals:2 | Reached skill level 8 in Throwing
  5185 | Shoals:2 | Reached skill level 8 in Armour
  5185 | Shoals:2 | Reached skill level 8 in Stealth
  5185 | Shoals:2 | Reached skill level 8 in Shields
  5185 | Shoals:2 | Reached skill level 9 in Invocations
  5185 | Shoals:2 | Reached skill level 8 in Evocations
  5185 | Shoals:2 | Reached XP level 14. HP: 36/106 MP: 0/27
  5186 | Shoals:2 | Reached skill level 9 in Fighting
  5186 | Shoals:2 | Reached skill level 10 in Spellcasting
  5186 | Shoals:2 | Reached skill level 7 in Conjurations
  5186 | Shoals:2 | Reached skill level 7 in Hexes
  5186 | Shoals:2 | Reached skill level 7 in Charms
  5186 | Shoals:2 | Reached skill level 7 in Summonings
  5186 | Shoals:2 | Reached skill level 7 in Necromancy
  5186 | Shoals:2 | Reached skill level 7 in Translocations
  5186 | Shoals:2 | Reached skill level 8 in Transmutations
  5186 | Shoals:2 | Reached skill level 7 in Fire Magic
  5186 | Shoals:2 | Reached skill level 7 in Ice Magic
  5186 | Shoals:2 | Reached skill level 7 in Air Magic
  5186 | Shoals:2 | Reached skill level 7 in Earth Magic
  5186 | Shoals:2 | Reached skill level 7 in Poison Magic
  5186 | Shoals:2 | Reached XP level 15. HP: 40/113 MP: 0/29
  5193 | Shoals:2 | Learned a level 5 spell: Fireball
  5255 | Shoals:2 | HP: 4/113 [snapping turtle (23)]
  5427 | Shoals:2 | HP: 27/135 [merfolk/+0 spear (3)]
  5428 | Shoals:2 | HP: 9/135 [merfolk impaler/+1 trident of holy wrath (19)]
  5428 | Shoals:2 | HP: 3/135 [merfolk/+0 spear (6)]
  5429 | Shoals:2 | Mangled by a merfolk impaler

Skill      XL: |  1  2  3  4  5  6  7  8  9 10 11 12 13 14 |
---------------+-------------------------------------------+-----
Spellcasting   | 5 6 7 8 9 10 | 10.1
Invocations    | 1 2 3 4 5 6 7 8 9 |  9.6
Short Blades   | 1 2 3 4 5 6 7 8 |  8.8
Long Blades    | 1 2 3 4 5 6 7 8 |  8.8
Axes           | 1 2 3 4 5 6 7 8 |  8.8
Maces & Flails | 1 2 3 4 5 6 7 8 |  8.8
Polearms       | 1 2 3 4 5 6 7 8 |  8.8
Staves         | 1 2 3 4 5 6 7 8 |  8.8
Slings         | 1 2 3 4 5 6 7 8 |  8.8
Bows           | 1 2 3 4 5 6 7 8 |  8.8
Crossbows      | 1 2 3 4 5 6 7 8 |  8.8
Throwing       | 1 2 3 4 5 6 7 8 |  8.8
Armour         | 1 2 3 4 5 6 7 8 |  8.8
Stealth        | 1 2 3 4 5 6 7 8 |  8.8
Shields        | 1 2 3 4 5 6 7 8 |  8.8
Evocations     | 1 2 3 4 5 6 7 8 |  8.8
Conjurations   | 1 2 3 4 5 6 7 |  7.3
Hexes          | 1 2 3 4 5 6 7 |  7.3
Charms         | 1 2 3 4 5 6 7 |  7.3
Summonings     | 1 2 3 4 5 6 7 |  7.3
Necromancy     | 1 2 3 4 5 6 7 |  7.3
Translocations | 1 2 3 4 5 6 7 |  7.3
Fire Magic     | 1 2 3 4 5 6 7 |  7.3
Ice Magic      | 1 2 3 4 5 6 7 |  7.3
Air Magic      | 1 2 3 4 5 6 7 |  7.3
Earth Magic    | 1 2 3 4 5 6 7 |  7.3
Poison Magic   | 1 2 3 4 5 6 7 |  7.3
Fighting       | 3 4 5 6 7 8 9 |  9.2
Transmutations | 4 5 6 7 8 |  8.3
Dodging        | 5 6 7 8 9 |  9.9
Unarmed Combat | 7 8 9 10 | 10.9

Action                   |  1- 3 |  4- 6 |  7- 9 | 10-12 | 13-15 || total
-------------------------+-------+-------+-------+-------+-------++-------
Melee: Unarmed           |    82 |    93 |   245 |   318 |    17 ||   755
       Headbutt          |     6 |     1 |       |       |       ||     7
       Bite              |     5 |     1 |       |    37 |       ||    43
       Kick              |     5 |       |       |       |       ||     5
       Punch             |       |     2 |       |     8 |     2 ||    12
       Dagger            |       |    10 |     2 |    22 |     5 ||    39
       Trident           |       |       |     2 |     4 |       ||     6
Throw: Stone             |       |     1 |       |       |       ||     1
       Tomahawk          |       |       |     4 |    18 |     9 ||    31
 Cast: Beastly Appendage |    13 |     3 |       |       |       ||    16
       Spider Form       |     4 |    11 |       |       |       ||    15
       Sticks to Snakes  |     3 |    10 |    25 |    10 |     2 ||    50
       Ice Form          |       |       |    23 |    16 |     1 ||    40
       Regeneration      |       |       |     2 |    25 |     8 ||    35
       Animate Skeleton  |       |       |     1 |    15 |     2 ||    18
       Blade Hands       |       |       |       |    29 |     2 ||    31
       Fireball          |       |       |       |       |     5 ||     5
Invok: Slouch            |       |       |       |     6 |     1 ||     7
       Temporal Distorti |       |       |       |       |     1 ||     1
 Abil: End Transformatio |       |       |       |    13 |     2 ||    15
Evoke: Wand              |       |     6 |       |     8 |     7 ||    21
  Use: Scroll            |       |     6 |     4 |    13 |     3 ||    26
       Potion            |       |     7 |     1 |     5 |     7 ||    20
 Stab: Sleeping          |     2 |       |     6 |    22 |       ||    30
       Paralysed         |       |     9 |       |     4 |     1 ||    14
       Distracted        |       |       |     2 |       |     1 ||     3
  Eat: Ration            |     1 |     1 |     2 |     4 |     1 ||     9
       Chunk             |       |       |       |     1 |       ||     1
Armor: Robe              |    11 |    11 |     2 |    15 |     2 ||    41
       Skin              |       |     2 |    34 |    25 |       ||    61
Dodge: Dodged            |    63 |   113 |   136 |   336 |    55 ||   703

Table legend:
 A = Turns spent in this place as a percentage of turns spent in the entire game.
 B = Non-inter-level travel turns spent in this place as a percentage of non-inter-level travel turns spent in the entire game.
 C = Inter-level travel turns spent in this place as a percentage of turns spent in this place.
 D = Turns resting spent in this place as a percentage of non-inter-level travel turns spent in this place.
 E = Turns spent auto-exploring this place as a percentage of non-inter-level travel turns spent in this place.
 F = Non-inter-level travel turns spent in this place divided by the number of levels of this place that you've seen.
                   A       B       C       D       E      F
               +-------+-------+-------+-------+-------+----------------------
         Total | 100.0 | 100.0 |   1.3 |   0.0 |   0.0 | 232.9
       Dungeon |  67.7 |  67.9 |   1.1 |   0.0 |   0.0 | 259.6
        Temple |   1.2 |   0.7 |  45.5 |   0.0 |   0.0 |  36.0
          Lair |   8.6 |   8.7 |   0.0 |   0.0 |   0.0 | 155.3
        Shoals |   7.9 |   8.0 |   0.0 |   0.0 |   0.0 | 213.5
       Ossuary |   6.1 |   6.1 |   0.0 |   0.0 |   0.0 | 329.0
        Bailey |   5.2 |   5.3 |   0.0 |   0.0 |   0.0 | 285.0
      Ice Cave |   3.3 |   3.3 |   0.0 |   0.0 |   0.0 | 179.0
               +-------+-------+-------+-------+-------+----------------------

Table legend:
 A = Kills in this place as a percentage of kills in entire the game.
 B = Kills by you in this place as a percentage of kills by you in the entire game.
 C = Kills by friends in this place as a percentage of kills by friends in the entire game.
 D = Other kills in this place as a percentage of other kills in the entire game.
 E = Experience gained in this place as a percentage of experience gained in the entire game.
 F = Experience gained in this place divided by the number of levels of this place that you have seen.
                   A       B       C       D       E      F
               +-------+-------+-------+-------+-------+----------------------
         Total | 100.0 | 100.0 | 100.0 |   N/A | 100.0 | 1678.9
       Dungeon |  65.2 |  66.5 |  38.9 |   N/A |  36.9 | 1018.1
          Lair |  10.3 |  10.2 |  11.1 |   N/A |  17.6 | 2262.3
        Shoals |   7.7 |   6.6 |  27.8 |   N/A |  30.6 | 5913.0
       Ossuary |   8.4 |   8.0 |  16.7 |   N/A |   2.5 | 967.0
        Bailey |   6.9 |   6.9 |   5.6 |   N/A |   5.5 | 2114.0
      Ice Cave |   1.6 |   1.7 |   0.0 |   N/A |   6.9 | 2666.0
               +-------+-------+-------+-------+-------+----------------------

Vault maps used:
D:1:      sevenhm_arrival_forest_fort_small_6, hangedman_glass_teeth
D:2:      moated_statue, minmay_heptomino_l4
D:3:      old_standard_altar, uniq_ijyb, uniq_robin
D:4:      lightli_ossuary_entry_decrepit_ruins, fedhas_altar_4
D:5:      lemuel_ice_spiral_2, temple_green, first_ration,
          minmay_misc_feat_cross, kennysheep_generic_room_4, uniq_sigmund
D:8:      minmay_blocky_corners, lair_entry_dummy, serial_shops,
          kennysheep_mini_moat, enter_bailey_2
D:9:      lemuel_upstairs_altar, minmay_orc_entry_temple_small,
          nicolae_qazlal_general_emergency
D:11:     serial_shops, shop
D:13:     serial_shops, shop, shop, shop_statue, ebering_ghost_inner_flame
D:14:     grunt_vaults_entry_fortified, hangedman_abyss_or_decor_stabs,
          grunt_tengu_nest
Temple:   nicolae_temple_the_god_donut
Lair:1:   grunt_megastairs_1
Lair:2:   dummy_snake_entry, wad_woods_road_02, uniq_harold
Lair:3:   minmay_shoals_entry_centaurs, portal_ice_cave_entry_imps
Shoals:1: serial_shops, bzr_entry_dummy, nicolae_shoals_arrival_archipelago,
          uniq_frances, uniq_louise
Ossuary:  ossuary_minmay_scorpions
Bailey:   bailey_axe_bossmonster_kennysheep, bailey
IceCv:    ice_cave_tombish
